 Dungeon Crawl Stone Soup version 0.22-a0-284-g99d1f74 (webtiles) character file.

191 varam the Sneak (level 5, -3/24 HPs)
             Began as a Spriggan Enchanter on Mar 21, 2018.
             Slain by a mummy (18 damage)
             ... in an ossuary.
             The game lasted 00:08:24 (2456 turns).

varam the Sneak (Spriggan Enchanter)                Turns: 2456, Time: 00:08:25

Health: -3/24      AC:  2    Str:  4    XL:     5   Next: 41%
Magic:  1/10       EV: 18    Int: 17    God:
Gold:   86         SH:  0    Dex: 17    Spells: 4/10 levels left

rFire    . . .     SeeInvis +   a - +1 dagger
rCold    . . .     Gourm    .   (shield restricted)
rNeg     . . .     Faith    .   b - +0 robe
rPois    .         Spirit   .   (helmet restricted)
rElec    .         Reflect  .   (no cloak)
rCorr    .         Harm     .   (gloves unavailable)
MR       .....                  (boots unavailable)
Stlth    +++.......             (no amulet)
HPRegen  0.08/turn              (no ring)
MPRegen  0.12/turn              (no ring)

@: marked, flying, hasted, very quick
A: very small, unfitting armour, see invisible, herbivore, speed 3, slow
metabolism 2
a: no special abilities


You were in an ossuary.
You were not hungry.

You visited 1 branch of the dungeon, and saw 4 of its levels.
You also visited: Ossuary.

You collected 86 gold pieces.

Inventory:

Hand Weapons
 a - a +1 dagger (weapon)
 k - a +0 dagger of holy wrath
Armour
 b - a +0 robe (worn)
 f - a +0 buckler
Scrolls
 c - 3 scrolls of teleportation
 e - a scroll of enchant armour
 g - a scroll of random uselessness
 i - 2 scrolls of amnesia
 j - a scroll of enchant weapon {unknown}
 n - a scroll of fear {unknown}
 o - 4 scrolls of remove curse
Comestibles
 d - 9 rations


   Skills:
 + Level 4.5 Short Blades
 - Level 3.3 Dodging
 + Level 6.4 Stealth
 - Level 3.0 Spellcasting
 - Level 3.8 Hexes


You had 4 spell levels left.
You knew the following spells:

 Your Spells              Type           Power        Failure   Level  Hunger
a - Corona                Hex            ###....      3%          1    None
b - Ensorcelled Hibernat  Hex/Ice        #.....       12%         2    ##.....
c - Confuse               Hex            ###.....     11%         3    ###....


Dungeon Overview and Level Annotations

Branches:
Dungeon (4/15)
 Temple: D:4-7

Altars:
Hepliaklqana
Zin


Innate Abilities, Weirdness & Mutations

You are very small and have problems with some larger weapons.
You are too small for most types of armour.
You have supernaturally acute eyesight. (SInv)
You are a herbivore.
You cover ground extremely quickly.
You need to consume almost no food.


Message History

You feel very buoyant.
You fly up into the air.
The mummy hits you!
You completely miss the mummy.
Casting: Corona (safe; 3% risk of failure)
Confirm with . or Enter, or press ? or * to list all spells.
Aiming: Corona (safe; 3% risk of failure)
Press: ? - help, Shift-Dir - straight line, f/p - mummy
Aim: a mummy (chance to defeat MR: 51%)
The mummy struggles to resist.
You hit the mummy but do no damage. The mummy closely misses you.
Casting: Corona (safe; 3% risk of failure)
Confirm with . or Enter, or press ? or * to list all spells.
Aiming: Corona (safe; 3% risk of failure)
Press: ? - help, Shift-Dir - straight line, f/p - mummy
Aim: a mummy (chance to defeat MR: 51%)
The mummy is outlined in light.
You hit the mummy but do no damage.
The human zombie stops glowing.
You hit the mummy but do no damage. The mummy hits you!!
Ouch! That really hurt!
You die...

+.## ##.....##
#..###.......##
+...#.........#
#...'....⌠....+
+...#.........#
###M.###.......#
#.MZ## ##.....##
#M# ###'###
##@## #.# #!??#
##.## #?!.#
#.∩.# #####
#.∩.# #####


You could see 3 mummies and a human zombie.

Vanquished Creatures
  A sky beast (D:2)
  Robin (D:4)
  An adder (D:2)
  An ooze (D:1)
  2 worms (D:2)
  A dart slug (D:4)
  2 leopard geckos
  A giant cockroach (D:1)
  16 goblins
  10 hobgoblins
  4 jackals (D:1)
  7 kobolds
  2 quokkas
  4 bats
  3 frilled lizards
  6 rats
62 creatures vanquished.

Notes
Turn   | Place    | Note
-------+----------+-------------------------------------------
     0 | D:1      | varam the Spriggan Enchanter began the quest for the Orb.
     0 | D:1      | Reached XP level 1. HP: 9/9 MP: 5/5
   204 | D:1      | Reached XP level 2. HP: 13/13 MP: 4/6
   208 | D:1      | Learned a level 2 spell: Ensorcelled Hibernation
   319 | D:1      | Reached skill level 3 in Spellcasting
   508 | D:1      | Reached skill level 2 in Short Blades
   808 | D:1      | Reached skill level 5 in Stealth
   808 | D:1      | Reached XP level 3. HP: 14/16 MP: 5/8
  1047 | D:2      | Found a glowing silver altar of Zin.
  1757 | D:2      | Reached skill level 3 in Short Blades
  1785 | D:2      | Noticed a sky beast
  1799 | D:2      | Killed a sky beast
  1799 | D:2      | Reached skill level 4 in Short Blades
  1799 | D:2      | Reached skill level 6 in Stealth
  1799 | D:2      | Reached XP level 4. HP: 21/21 MP: 5/9
  1799 | D:2      | Reached XP level 5. HP: 24/24 MP: 5/10
  1914 | D:2      | Found a hazy altar of Hepliaklqana.
  2117 | D:2      | You fall through a shaft for 2 floors!
  2218 | D:4      | Learned a level 3 spell: Confuse
  2243 | D:4      | Noticed Robin
  2256 | D:4      | Killed Robin
  2401 | D:4      | Found a sand-covered staircase.
  2406 | Ossuary  | Entered an ossuary
  2456 | Ossuary  | Slain by a mummy

Vault maps used:
D:1:      onia_arrival_handbag
D:2:      nicolae_overflow_crystal_walls, marbit_many_paths, zin_statuary
D:3:      lightli_temple_of_fire
D:4:      nicolae_dithmenos_through_a_glass_darkly, enter_ossuary_5, uniq_pikel,
          uniq_robin
Ossuary:  ossuary_crypta

Skill      XL: |  1  2  3 |
---------------+----------+-----
Spellcasting   | 3 |  3.0
Short Blades   | 2 4 |  4.5
Stealth        | 5 6 |  6.4
Dodging        | |  3.3
Hexes          | |  3.8

Action                   |  1- 3 |  4- 6 || total
-------------------------+-------+-------++-------
Melee: Dagger            |   156 |    97 ||   253
 Cast: Corona            |    25 |    17 ||    42
       Ensorcelled Hiber |     3 |       ||     3
       Confuse           |       |     5 ||     5
  Use: Scroll            |     1 |     7 ||     8
       Potion            |       |     3 ||     3
 Stab: Sleeping          |    14 |     5 ||    19
       Confused          |       |     1 ||     1
Armor: Robe              |     9 |     4 ||    13
Dodge: Dodged            |   123 |    48 ||   171

Table legend:
 A = Spawn XP
 B = Non-spawn XP
 C = Spawn XP percentage of total XP
 D = Spawn monster count
 E = Non-spawn monster count
 F = Spawn count percentage of total count
 G = Total turns spent on level
                    A         B        C        D         E        F      G
               +---------+---------+-------+---------+---------+-------+---------
         Total |       0 |     273 |   0.0 |       0 |      62 |   0.0 |  2456
               +---------+---------+-------+---------+---------+-------+---------
           D:1 |       0 |      51 |   0.0 |       0 |      28 |   0.0 |  1042
           D:2 |       0 |     182 |   0.0 |       0 |      20 |   0.0 |  1075
           D:4 |       0 |      40 |   0.0 |       0 |      14 |   0.0 |   287
               +---------+---------+-------+---------+---------+-------+---------
